 Dungeon Crawl Stone Soup version 0.21-a0-522-ga8338f0 (webtiles) character file.

88 dvd the Insei (level 4, -10/28 HPs)
             Began as an Octopode Transmuter on Dec 6, 2017.
             Killed by divine providence
             ... invoked by an orc priest
              (11 damage)
             ... on level 3 of the Dungeon.
             The game lasted 00:06:07 (3560 turns).

dvd the Insei (Octopode Transmuter)                 Turns: 3560, Time: 00:06:11

Health: -10/28     AC:  1    Str: 14    XL:     4   Next: 54%
Magic:  7/7        EV: 10    Int: 16    God:
Gold:   100        SH:  7    Dex: 12    Spells: 7/8 levels left

rFire    . . .     SeeInvis .   d - +0 scimitar
rCold    . . .     Gourm    .   h - +0 shield
rNeg     . . .     Faith    .   (helmet restricted)
rPois    .         Spirit   .   (no amulet)
rElec    .         Reflect  .   (no ring)
rCorr    .         Harm     .   (no ring)
MR       .....                  (no ring)
Stlth    +++.......             (no ring)
HPRegen  0.09/turn              (no ring)
MPRegen  0.10/turn              (no ring)
                                (no ring)
                                (no ring)

@: mighty
A: almost no armour, stealthy swim, amphibious, 8 rings, constrict 8, camouflage
1, gelatinous body 1
a: no special abilities


You were on level 3 of the Dungeon.
You were not hungry.

You visited 1 branch of the dungeon, and saw 4 of its levels.

You collected 100 gold pieces.

Inventory:

Hand Weapons
 d - a +0 scimitar (weapon)
 m - a +0 mace
Missiles
 a - 75 arrows
Armour
 h - a +0 shield (worn)
Wands
 c - a wand of disintegration (9)
Scrolls
 e - a scroll of remove curse
 f - a scroll of fear {unknown}
 g - 3 scrolls of teleportation {unknown}
 j - a scroll of amnesia {unknown}
 k - a scroll of blinking {unknown}
 p - a scroll of identify {unknown}
Potions
 l - a potion of haste {unknown}
 q - a potion of curing {unknown}
 r - a potion of cancellation {unknown}
Books
 b - a book of Changes

   Spells                             Type                      Level
   a - Beastly Appendage              Transmutation                1
   b - Sticks to Snakes               Transmutation                2
   c - Spider Form                    Transmutation/Poison         3
   d - Ice Form                       Ice/Transmutation            4
   e - Blade Hands                    Transmutation                5
Comestibles
 n - a royal jelly
 o - a chunk of flesh


   Skills:
 + Level 1.2 Fighting
   Level 1.8 Axes
 + Level 2.5 Dodging
 + Level 1.7 Stealth
 + Level 3.3 Unarmed Combat
 + Level 2.5 Spellcasting
 + Level 2.2 Transmutations


You had 7 spell levels left.
You knew the following spells:

 Your Spells              Type           Power        Failure   Level  Hunger
a - Beastly Appendage     Tmut           #.....       45%         1    #......


Dungeon Overview and Level Annotations

Branches:
Dungeon (4/15)
 Temple: D:4-7

Altars:


Innate Abilities, Weirdness & Mutations

You cannot wear most types of armour.
You are very stealthy in the water. (Stealth+)
You are amphibious.
You can wear up to eight rings at the same time.
You can use your tentacles to constrict eight enemies at once.
Your skin changes colour to match your surroundings (Stealth+).
Your rubbery body absorbs attacks. (AC +1, EV +1)


Message History

You constrict the orc. The orc misses you. You block the orc's attack.
The orc hits you with a dagger.
You barely miss the orc. You grab the orc.
You constrict the orc, but do no damage.
You constrict the orc.
The orc priest begins to cast a cantrip, but forgets the words!
The orc hits you but does no damage. The orc hits you with a dagger.
You barely miss the orc. You squeeze the orc.
You kill the orc!
You constrict the orc. The orc hits you with a trident!
* * * LOW HITPOINT WARNING * * *
The orc misses you. The orc hits you but does no damage.
Unknown command.
It was a potion of might.
You feel very mighty all of a sudden.
You constrict the orc.
You kill the orc!
The orc priest mumbles some strange prayers to Beogh against you.
Beogh smites you!
You die...

.###.# #......# #.....# .#
#.################### #.....#
.###+#.........# ###'#.#
...............########### #...#
...............#.........# ##..#
...............#.........# #..##
..............g#.........####....
####..........oo)........'.[.....
#.....o...####@........#####...
#.........# #.........# #...
#.........# ########### ##..
#.........########### #..
#.........'.........# #..
#.........#########.# ##.
#.#.......'......##.# ##
######....######.##.#
#...()(.#<#.##.#


You could see an orc priest, an orc and a hobgoblin.

Vanquished Creatures
  An adder (D:2)
  A worm (D:2)
  A dart slug (D:3)
  A leopard gecko (D:1)
  8 orcs (D:3)
  A ball python (D:3)
  5 bats (D:1)
  5 giant cockroaches
  10 goblins
  5 hobgoblins
  2 jackals (D:1)
  7 frilled lizards
  10 kobolds
  4 rats (D:1)
61 creatures vanquished.

Notes
Turn   | Place    | Note
-------+----------+-------------------------------------------
     0 | D:1      | dvd the Octopode Transmuter began the quest for the Orb.
     0 | D:1      | Reached XP level 1. HP: 13/13 MP: 3/3
    84 | D:1      | Reached XP level 2. HP: 17/18 MP: 3/5
   696 | D:1      | Reached skill level 1 in Axes
   696 | D:1      | Reached XP level 3. HP: 23/23 MP: 4/6
  1782 | D:2      | Reached skill level 1 in Stealth
  2556 | D:3      | Reached XP level 4. HP: 26/28 MP: 5/7
  3559 | D:3      | HP: 1/28 [orc/trident (8)]
  3560 | D:3      | Killed from afar by an orc priest

Vault maps used:
D:1:      saegor_arrival_simple_f
D:3:      lemuel_zombie_altar_kikubaaqudgha, first_bread
D:4:      minmay_temple_entry_overgrown, minmay_misc_feat_iff

Skill      XL: |  1  2  3 |
---------------+----------+-----
Axes           | 1 |  1.8
Stealth        | 1 |  1.7
Fighting       | |  1.2
Dodging        | |  2.5
Unarmed Combat | |  3.3
Spellcasting   | |  2.5
Transmutations | |  2.2

Action                   |  1- 3 |  4- 6 || total
-------------------------+-------+-------++-------
Melee: Hand axe          |    87 |    32 ||   119
       Unarmed           |     5 |       ||     5
       Constrict         |    28 |    13 ||    41
       Tentacles         |    17 |    11 ||    28
       Kick              |     7 |     6 ||    13
       Punch             |     4 |       ||     4
       Scimitar          |       |     7 ||     7
       Short sword       |       |     2 ||     2
 Cast: Beastly Appendage |     7 |     1 ||     8
Evoke: Wand              |       |     1 ||     1
  Use: Scroll            |       |     2 ||     2
       Potion            |       |     1 ||     1
 Stab: Sleeping          |     5 |     1 ||     6
  Eat: Chunk             |     2 |     2 ||     4
       Bread ration      |     1 |       ||     1
Armor: Skin              |     7 |     1 ||     8
Dodge: Dodged            |    47 |    22 ||    69
Block: Shield            |    16 |     8 ||    24
       Rpst.: Scimitar   |       |     1 ||     1

Table legend:
 A = Spawn XP
 B = Non-spawn XP
 C = Spawn XP percentage of total XP
 D = Spawn monster count
 E = Non-spawn monster count
 F = Spawn count percentage of total count
 G = Total turns spent on level
                    A         B        C        D         E        F      G
               +---------+---------+-------+---------+---------+-------+---------
         Total |       0 |     127 |   0.0 |       0 |      61 |   0.0 |  3560
               +---------+---------+-------+---------+---------+-------+---------
           D:1 |       0 |      47 |   0.0 |       0 |      29 |   0.0 |  1657
           D:2 |       0 |      34 |   0.0 |       0 |      11 |   0.0 |   885
           D:3 |       0 |      46 |   0.0 |       0 |      21 |   0.0 |   777
               +---------+---------+-------+---------+---------+-------+---------
